2487 views
Uploaded 2021-04-03 07:19:16
Game version 1.32.9
30:23 long 1on1 ladder game on (2)EchoIsles
Saved by xzz
2487 views
Uploaded 2021-04-03 07:19:16
Game version 1.32.9
30:23 long 1on1 ladder game on (2)EchoIsles

49 units @ 5.9k
/ 1.3k
72 buildings @ 4k
/ 2.2k

| Lesser Clarity Potion | 13 | 910 |
| Scroll of Regeneration | 6 | 600 |
| Potion of Healing | 5 | 750 |
| Potion of Mana | 5 | 1000 |
| Scroll of Healing | 1 | 250 |
| Scroll of Town Portal | 1 | 350 |
| Boots of Speed | 1 | 250 |
| Potion of Lesser Invulnerability | 2 | 300 |
| Potion of Invisibility | 1 | 100 |
| Staff of Teleportation | 1 | 150 |
| total: | 36 | 4660g |
| Peasant | 19 | 1425 | / | 0 |
| Footman | 5 | 675 | / | 0 |
| Mortar Team | 14 | 2520 | / | 980 |
| Flying Machine | 8 | 800 | / | 240 |
| Sorceress | 3 | 465 | / | 60 |
| total: | 49 | 5885g | / | 1280w |
| Scout Tower | 55 | 1650 | / | 1100 |
| Arcane Tower | 10 | 700 | / | 500 |
| Guard Tower | 12 | 840 | / | 600 |
| Altar of Kings | 2 | 360 | / | 100 |
| Farm | 5 | 400 | / | 100 |
| Lumber Mill | 2 | 240 | / | 0 |
| Barracks | 1 | 160 | / | 60 |
| Arcane Vault | 1 | 130 | / | 30 |
| Blacksmith | 1 | 140 | / | 60 |
| Town Hall | 1 | 385 | / | 205 |
| Cannon Tower | 5 | 600 | / | 500 |
| Workshop | 3 | 420 | / | 420 |
| Arcane Sanctum | 1 | 150 | / | 140 |
| Keep | 1 | 320 | / | 210 |
| Castle | 1 | 360 | / | 210 |
| total: | 72 | 4035g | / | 2215w |
| 0:04 | Peasant |
| 0:04 | Peasant |
| 0:12 | Altar of Kings |
| 0:15 | Farm |
| 0:29 | Peasant |
| 0:32 | Altar of Kings |
| 0:37 | Lumber Mill |
| 0:42 | Scout Tower |
| 0:44 | Peasant |
| 1:07 | Barracks |
| 1:20 | Arcane Tower |
| 1:27 | Peasant |
| 1:43 | Farm |
| 1:51 | Arcane Vault |
| 2:01 | Peasant |
| 2:08 | Footman |
| 2:15 | Scout Tower |
| 2:30 | Footman |
| 2:34 | Farm |
| 2:41 | Holy Light |
| 2:54 | Arcane Tower |
| 2:58 | Footman |
| 3:04 | Scout Tower |
| 3:26 | Footman |
| 3:29 | Peasant |
| 3:34 | Blacksmith |
| 3:40 | Lesser Clarity Potion |
| 4:20 | Peasant |
| 4:20 | Peasant |
| 4:20 | Peasant |
| 4:22 | Arcane Tower |
| 4:28 | Lesser Clarity Potion |
| 4:28 | Lesser Clarity Potion |
| 4:35 | Scroll of Regeneration |
| 5:00 | Lesser Clarity Potion |
| 5:25 | Scout Tower |
| 5:27 | Scout Tower |
| 5:36 | Keep |
| 5:42 | Farm |
| 5:49 | Scroll of Regeneration |
| 5:50 | Lesser Clarity Potion |
| 6:27 | Divine Shield |
| 6:34 | Scout Tower |
| 6:35 | Scout Tower |
| 6:35 | Scout Tower |
| 6:35 | Scout Tower |
| 6:37 | Scout Tower |
| 7:03 | Guard Tower |
| 7:04 | Arcane Tower |
| 7:06 | Arcane Tower |
| 7:07 | Guard Tower |
| 7:24 | Guard Tower |
| 7:38 | Lumber Mill |
| 8:15 | Improved Lumber Harvesting |
| 8:16 | Peasant |
| 8:16 | Peasant |
| 8:17 | Peasant |
| 8:20 | Workshop |
| 8:25 | Scout Tower |
| 8:29 | Scout Tower |
| 8:33 | Footman |
| 8:40 | Peasant |
| 8:44 | Farm |
| 8:48 | Scroll of Regeneration |
| 8:49 | Scroll of Regeneration |
| 8:49 | Lesser Clarity Potion |
| 8:59 | Guard Tower |
| 9:38 | Town Hall |
| 9:49 | Mortar Team |
| 10:07 | Guard Tower |
| 10:35 | Mortar Team |
| 11:09 | Holy Light |
| 11:17 | Flak Cannons |
| 11:24 | Workshop |
| 11:26 | Peasant |
| 11:26 | Peasant |
| 11:27 | Peasant |
| 11:45 | Peasant |
| 11:46 | Peasant |
| 11:50 | Improved Masonry |
| 12:00 | Flying Machine |
| 12:00 | Flying Machine |
| 12:01 | Flying Machine |
| 12:07 | Black Gunpowder |
| 12:13 | Scroll of Healing |
| 12:16 | Boots of Speed |
| 12:53 | Castle |
| 12:57 | Scout Tower |
| 12:59 | Scout Tower |
| 13:00 | Scout Tower |
| 13:01 | Scout Tower |
| 13:06 | Scout Tower |
| 13:09 | Scout Tower |
| 13:10 | Scout Tower |
| 13:10 | Scout Tower |
| 13:12 | Scout Tower |
| 13:12 | Scout Tower |
| 13:19 | Lesser Clarity Potion |
| 13:25 | Mortar Team |
| 13:36 | Guard Tower |
| 13:38 | Scout Tower |
| 13:39 | Scout Tower |
| 13:39 | Scout Tower |
| 13:40 | Scout Tower |
| 13:40 | Scout Tower |
| 14:19 | Potion of Healing |
| 14:19 | Potion of Mana |
| 14:23 | Mortar Team |
| 14:26 | Guard Tower |
| 14:28 | Guard Tower |
| 14:41 | Arcane Sanctum |
| 14:56 | Guard Tower |
| 15:02 | Potion of Healing |
| 15:25 | Scout Tower |
| 15:25 | Scout Tower |
| 15:25 | Scout Tower |
| 15:27 | Scout Tower |
| 15:30 | Fragmentation Shards |
| 15:30 | Mortar Team |
| 15:55 | Guard Tower |
| 16:04 | Potion of Lesser Invulnerability |
| 16:04 | Potion of Invisibility |
| 16:06 | Staff of Teleportation |
| 16:45 | Divine Shield |
| 16:46 | Potion of Healing |
| 16:48 | Potion of Mana |
| 16:52 | Potion of Healing |
| 17:10 | Flying Machine |
| 17:14 | Arcane Tower |
| 17:16 | Arcane Tower |
| 17:17 | Guard Tower |
| 17:20 | Scout Tower |
| 17:20 | Scout Tower |
| 17:20 | Scout Tower |
| 17:21 | Scout Tower |
| 17:21 | Scout Tower |
| 17:22 | Scout Tower |
| 17:23 | Scout Tower |
| 17:31 | Mortar Team |
| 17:34 | Advanced Lumber Harvesting |
| 17:39 | Scout Tower |
| 17:40 | Scout Tower |
| 17:41 | Scout Tower |
| 17:42 | Scout Tower |
| 17:43 | Scout Tower |
| 17:44 | Scout Tower |
| 17:45 | Scout Tower |
| 18:15 | Mortar Team |
| 18:25 | Scroll of Regeneration |
| 18:26 | Lesser Clarity Potion |
| 18:30 | Sorceress |
| 18:31 | Sorceress Adept Training |
| 18:48 | Mortar Team |
| 19:00 | Potion of Lesser Invulnerability |
| 19:06 | Mortar Team |
| 19:09 | Cannon Tower |
| 19:48 | Arcane Tower |
| 19:54 | Cannon Tower |
| 19:56 | Flying Machine |
| 19:56 | Flying Machine |
| 20:24 | Lesser Clarity Potion |
| 20:25 | Potion of Mana |
| 21:29 | Mortar Team |
| 21:32 | Cannon Tower |
| 21:38 | Scout Tower |
| 21:38 | Scout Tower |
| 21:38 | Scout Tower |
| 21:40 | Scout Tower |
| 21:40 | Scout Tower |
| 21:46 | Cannon Tower |
| 21:52 | Advanced Masonry |
| 21:54 | Sorceress Master Training |
| 22:06 | Potion of Mana |
| 22:07 | Scroll of Regeneration |
| 22:09 | Lesser Clarity Potion |
| 22:16 | Potion of Healing |
| 22:54 | Arcane Tower |
| 22:59 | Lesser Clarity Potion |
| 23:01 | Potion of Mana |
| 23:06 | Guard Tower |
| 23:10 | Mortar Team |
| 23:39 | Workshop |
| 23:43 | Sorceress |
| 23:50 | Lesser Clarity Potion |
| 23:54 | Sorceress |
| 24:36 | Holy Light |
| 24:41 | Arcane Tower |
| 24:45 | Flying Machine |
| 24:46 | Flying Machine |
| 25:00 | Mortar Team |
| 25:18 | Scout Tower |
| 25:18 | Scout Tower |
| 25:19 | Scout Tower |
| 25:19 | Scout Tower |
| 25:21 | Scout Tower |
| 25:39 | Mortar Team |
| 25:54 | Refined Gunpowder |
| 26:13 | Lesser Clarity Potion |
| 26:41 | Mortar Team |
| 26:57 | Cannon Tower |
| 27:12 | Flying Machine Bombs |
| 27:41 | Imbued Masonry |
| 27:47 | Imbued Gunpowder |
| 28:18 | Scroll of Town Portal |
| Right click | 1288 |
| Select | 509 |
| Build/train/purchase | 180 |
| Select group | 166 |
| Use ability | 58 |
| Assign group | 29 |
| Misc. action | 13 |
| Item give/drop | 3 |
| Esc | 2 |
39 units @ 6.9k
/ 1.2k
15 buildings @ 2.3k
/ 1.2k


| Rod of Necromancy | 2 | 300 |
| Orb of Corruption | 1 | 375 |
| Potion of Healing | 2 | 300 |
| Scroll of Town Portal | 2 | 700 |
| Claws of Attack +6 | 1 | 125 |
| Potion of Invulnerability | 1 | 400 |
| Gloves of Haste | 1 | 125 |
| Claws of Attack +9 | 1 | 300 |
| Potion of Greater Healing | 1 | 400 |
| total: | 12 | 3025g |
| Acolyte | 13 | 975 | / | 0 |
| Ghoul | 2 | 240 | / | 0 |
| Crypt Fiend | 7 | 1505 | / | 280 |
| Obsidian Statue | 8 | 1600 | / | 280 |
| Meat Wagon | 6 | 1380 | / | 300 |
| Frost Wyrm | 3 | 1155 | / | 360 |
| total: | 39 | 6855g | / | 1220w |
| Crypt | 1 | 200 | / | 50 |
| Altar of Darkness | 1 | 180 | / | 50 |
| Ziggurat | 7 | 1050 | / | 350 |
| Tomb of Relics | 1 | 130 | / | 30 |
| Graveyard | 1 | 215 | / | 0 |
| Slaughterhouse | 1 | 140 | / | 135 |
| Sacrificial Pit | 1 | 75 | / | 150 |
| Boneyard | 2 | 350 | / | 400 |
| Halls of the Dead | 2 | 640 | / | 420 |
| Black Citadel | 2 | 650 | / | 460 |
| total: | 15 | 2340g | / | 1165w |
| 0:02 | Acolyte |
| 0:04 | Crypt |
| 0:08 | Altar of Darkness |
| 0:25 | Ziggurat |
| 0:32 | Acolyte |
| 0:54 | Tomb of Relics |
| 1:08 | Ghoul |
| 1:26 | Ghoul |
| 1:36 | Graveyard |
| 1:53 | Ziggurat |
| 2:16 | Rod of Necromancy |
| 2:16 | Rod of Necromancy |
| 2:19 | Death Coil |
| 2:38 | Halls of the Dead |
| 3:00 | Crypt Fiend |
| 3:23 | Crypt Fiend |
| 4:13 | Crypt Fiend |
| 4:57 | Crypt Fiend |
| 4:59 | Creature Attack |
| 5:05 | Ziggurat |
| 5:10 | Slaughterhouse |
| 5:50 | Ziggurat |
| 5:53 | Unholy Aura |
| 6:42 | Obsidian Statue |
| 6:42 | Obsidian Statue |
| 6:46 | Death Coil |
| 6:58 | Black Citadel |
| 7:03 | Frost Nova |
| 7:27 | Obsidian Statue |
| 7:33 | Obsidian Statue |
| 7:35 | Improved Creature Attack |
| 8:57 | Frost Armor |
| 9:13 | Exhume Corpses |
| 9:21 | Claws of Attack +6 |
| 9:21 | Potion of Invulnerability |
| 9:24 | Gloves of Haste |
| 9:35 | Destroyer Form |
| 9:36 | Obsidian Statue |
| 9:38 | Meat Wagon |
| 9:39 | Disease Cloud |
| 9:50 | Orb of Corruption |
| 9:54 | Scroll of Town Portal |
| 9:54 | Scroll of Town Portal |
| 10:41 | Obsidian Statue |
| 10:49 | Advanced Creature Attack |
| 10:57 | Acolyte |
| 11:22 | Unholy Aura |
| 11:25 | Meat Wagon |
| 11:41 | Frost Nova |
| 12:12 | Meat Wagon |
| 12:54 | Meat Wagon |
| 14:20 | Web |
| 14:37 | Ziggurat |
| 14:38 | Ziggurat |
| 14:40 | Ziggurat |
| 15:20 | Acolyte |
| 15:20 | Acolyte |
| 15:20 | Acolyte |
| 15:20 | Acolyte |
| 15:21 | Acolyte |
| 15:57 | Meat Wagon |
| 16:46 | Frost Armor |
| 17:28 | Meat Wagon |
| 17:29 | Obsidian Statue |
| 17:29 | Obsidian Statue |
| 17:49 | Sacrificial Pit |
| 18:32 | Crypt Fiend |
| 18:33 | Crypt Fiend |
| 18:33 | Crypt Fiend |
| 18:38 | Boneyard |
| 18:40 | Creature Carapace |
| 20:14 | Frost Wyrm |
| 20:14 | Frost Wyrm |
| 20:48 | Death Coil |
| 21:14 | Boneyard |
| 21:17 | Potion of Healing |
| 21:17 | Potion of Healing |
| 21:27 | Acolyte |
| 21:27 | Acolyte |
| 21:27 | Acolyte |
| 21:27 | Acolyte |
| 21:28 | Acolyte |
| 21:46 | Claws of Attack +9 |
| 21:55 | Potion of Greater Healing |
| 23:01 | Freezing Breath |
| 23:02 | Frost Wyrm |
| 24:41 | Frost Nova |
| Right click | 1787 |
| Select | 375 |
| Select group | 304 |
| Build/train/purchase | 122 |
| Use ability | 41 |
| Assign group | 29 |
| Item give/drop | 5 |
| Misc. action | 4 |
| Remove unit | 3 |
| Esc | 3 |